 Dungeon Crawl Stone Soup version 0.30-a0-465-g8901f6c8b5 (webtiles) character file.

Game seed: 18186466539270619850

70 EnegeticOcto the Magician (level 4, -1/34 HPs)
             Began as a Djinni Reaver on Dec 18, 2022.
             Slain by a gnoll
             ... wielding a +0 club
              (4 damage)
             ... on level 2 of the Dungeon.
             The game lasted 00:04:11 (2003 turns).

EnegeticOcto the Magician (Djinni Reaver)           Turns: 2003, Time: 00:04:11

Health: -1/34      AC:  3    Str:  8 (11) XL:     4   Next: 44%
Gold:   150        EV: 11    Int: 15 (16) God:
                   SH:  0    Dex: 10 (12)

rFire   + + .      SeeInvis .    c - +0 quarterstaff
rCold   x . .      Faith    .    (shield currently unavailable)
rNeg    . . .      Spirit   .    b - +0 leather armour
rPois   ∞          Reflect  .    (no helmet)
rElec   .          Harm     .    (no cloak)
rCorr   .          Rampage  .    (no gloves)
Will    .....                    (boots unavailable)
Stlth   +.........               (no amulet)
HPRegen 0.25/turn                (no ring)
MPRegen 0.00/turn                (no ring)

@: immotile, flying, very slightly contaminated
A: sickness immunity, fire resistance 2, cold vulnerability 1, float, innate
caster, HP casting, extra vitality 1
a: no special abilities


You were on level 2 of the Dungeon.
You visited 1 branch of the dungeon, and saw 3 of its levels.

You collected 150 gold pieces.

Inventory:

Hand Weapons
 a - a +0 falchion
 c - a +0 quarterstaff (weapon)
   (You found it on level 2 of the Dungeon)
Missiles
 k - 2 atropa-tipped darts
 l - 5 poisoned darts
Armour
 b - a +0 leather armour (worn)
Scrolls
 d - 2 scrolls of teleportation {@r3 !r}
 g - a scroll of silence {unknown}
 h - 2 scrolls of identify {@r1}
Potions
 e - a potion of resistance
 i - a potion of lignification {unknown}
 j - a potion of invisibility {unknown}


   Skills:
 + Level 2.9 Fighting
 - Level 2.6 Long Blades
 - Level 2.1 Dodging
 - Level 2.0 Stealth
 + Level 2.9 Spellcasting


You had one spell level left.
You knew the following spells:

 Your Spells              Type           Power      Damage    Failure   Level
a - Sting                 Tmut/Pois      44%        1d5       9%          1
b - Momentum Strike       Conj/Tloc      22%        3d8       13%         2
c - Hailstorm             Conj/Ice       11%        3d5       26%         3
u - Kiss of Death         Conj/Necr      44%        2d8       9%          1
Your spell library was empty.

Dungeon Overview and Level Annotations

Branches:
Dungeon (3/15) Zot: 15989

Altars:

Shops:
D:2 =

Annotations:
D:3 1 runed translucent door


Innate Abilities, Weirdness & Mutations

You are immune to sickness and miasma.
You are immune to poison.
Your flesh is very heat resistant. (rF++)
You are vulnerable to cold. (rC-)
You float through the air rather than walking.
You learn spells naturally, not from books.
Your magical power is your life essence.
You have superior vitality. (+4 MHP)


Message History

There are monsters nearby!
Casting: Sting (safe; 8% risk of failure)
Confirm with . or Enter, or press ? or * to list all spells.
Aiming: Momentum Strike (safe; 12% risk of failure)
Press: ? - help, Dir - move target, f - you
Okay, then.
The gnoll shouts!
Casting: Momentum Strike (safe; 12% risk of failure)
Confirm with . or Enter, or press ? or * to list all spells.
Aiming: Momentum Strike (safe; 12% risk of failure)
Press: ? - help, Dir - move target, f - gnoll
Aim: a gnoll, wielding a +0 club (72% to hit)
Okay, then.
Casting: Momentum Strike (safe; 12% risk of failure)
Confirm with . or Enter, or press ? or * to list all spells.
Aiming: Sting (safe; 8% risk of failure)
Press: ? - help, Shift-Dir - straight line, f - you That beam is likely to hit you.
Continue anyway?
Okay, then.
A gnoll comes into view. It is wielding a +0 club.
Casting: Sting (safe; 8% risk of failure)
Confirm with . or Enter, or press ? or * to list all spells.
Aiming: Momentum Strike (safe; 12% risk of failure)
Press: ? - help, Dir - move target, f - gnoll
Aim: a gnoll, wielding a +0 halberd (72% to hit)
The concentrated momentum hits the gnoll!
You kill the gnoll!
You are unable to move.
The gnoll shouts!
Casting: Momentum Strike (safe; 11% risk of failure)
Confirm with . or Enter, or press ? or * to list all spells.
Aiming: Sting (safe; 8% risk of failure)
Press: ? - help, Shift-Dir - straight line, f - gnoll
Aim: a gnoll, wielding a +0 club (75% to hit)
The sting hits the gnoll.
The gnoll is poisoned.
The gnoll is lightly wounded.
Casting: Sting (safe; 8% risk of failure)
Confirm with . or Enter, or press ? or * to list all spells.
Aiming: Sting (safe; 8% risk of failure)
Press: ? - help, Shift-Dir - straight line, f/p - gnoll
Aim: a gnoll, wielding a +0 club (moderately wounded, poisoned, 75% to hit)
The sting hits the gnoll but does no damage.
The gnoll looks even sicker.
The gnoll is moderately wounded.
The gnoll hits you with a +0 club.
You cannot move.
Casting: Sting (safe; 8% risk of failure)
Confirm with . or Enter, or press ? or * to list all spells.
Aiming: Sting (safe; 8% risk of failure)
Press: ? - help, Shift-Dir - straight line, f/p - gnoll
Aim: a gnoll, wielding a +0 club (moderately wounded, very poisoned, 75% to hit)
The sting misses the gnoll.
The gnoll closely misses you.
Casting: Sting (safe; 8% risk of failure)
Confirm with . or Enter, or press ? or * to list all spells.
Aiming: Sting (safe; 8% risk of failure)
Press: ? - help, Shift-Dir - straight line, f/p - gnoll
Aim: a gnoll, wielding a +0 club (moderately wounded, very poisoned, 75% to hit)
The sting misses the gnoll.
The gnoll closely misses you.
Casting: Sting (safe; 8% risk of failure)
Confirm with . or Enter, or press ? or * to list all spells.
Aiming: Sting (safe; 8% risk of failure)
Press: ? - help, Shift-Dir - straight line, f/p - gnoll
Aim: a gnoll, wielding a +0 club (moderately wounded, very poisoned, 75% to hit)
You miscast Sting.
You are very lightly contaminated with residual magic.
Nothing appears to happen.
The gnoll barely misses you. The gnoll misses you.
Okay, then.
Okay, then.
You hit the gnoll.
The gnoll is moderately wounded.
You are no longer robbed of momentum.
The gnoll hits you with a +0 whip.
Casting: Sting (safe; 8% risk of failure)
Confirm with . or Enter, or press ? or * to list all spells.
Aiming: Momentum Strike (safe; 11% risk of failure)
Press: ? - help, Dir - move target, f/p - gnoll
Aim: a gnoll, wielding a +0 club (heavily wounded, poisoned, 72% to hit)
Okay, then.
The gnoll hits you with a +0 whip! The gnoll hits you with a +0 club.
* * * LOW HITPOINT WARNING * * *
You fly upwards.
There is a stone staircase leading down here.
Casting: Momentum Strike (safe; 11% risk of failure)
Confirm with . or Enter, or press ? or * to list all spells.
Aiming: Momentum Strike (safe; 11% risk of failure)
Press: ? - help, Dir - move target, f - gnoll
Aim: a gnoll, wielding a +0 whip (72% to hit)
The concentrated momentum hits the gnoll!
The gnoll is severely wounded.
You are unable to move.
* * * LOW HITPOINT WARNING * * *
The gnoll hits you with a +0 club.
* * * LOW HITPOINT WARNING * * *
The gnoll hits you but does no damage.
Okay, then.
It was a potion of degeneration.
There was something very wrong with that liquid.
You feel weakened.
You feel dopey.
You feel clumsy. The gnoll hits you with a +0 club.
You die...

....................'.........'..
...#.#####.......####.........###
#.....# #.###..## ##.......##
......# #.# #..#######.....##
.#....# #.###.............##
.#.#### #.#.....#######..## .#.#
#.#.##..# #..# ...# #......g#
#####..##### .### ###.###@#
#..........# .# #.# #g#
#.###...##.# ## #.# #.#
#.##.....#.### #.#
#.###.###...##....
#.###..........#######
#.........####.# ########### #.#
#.# #########.#


You could see 2 gnolls.

Vanquished Creatures
  A gnoll (D:3)
  2 adders (D:2)
  A worm (D:2)
  3 dart slugs
  3 bats (D:2)
  2 endoplasms (D:1)
  5 giant cockroaches
  5 goblins
  A hobgoblin (D:2)
  3 ball pythons
  3 frilled lizards (D:2)
  2 kobolds (D:1)
  3 rats
34 creatures vanquished.

Vanquished Creatures (others)
  3 plants (D:3)
3 creatures vanquished.

Grand Total: 37 creatures vanquished

Notes
Turn   | Place    | Note
-------+----------+-------------------------------------------
     0 | D:1      | EnegeticOcto the Djinni Reaver began the quest for the Orb.
     0 | D:1      | EnegeticOcto set off with the following spells memorised:
                  | Kiss of Death, Momentum Strike, Hailstorm.
     0 | D:1      | Reached XP level 1. HP: 18/18 MP: 0/0
   139 | D:1      | Reached skill level 1 in Stealth
   287 | D:1      | Reached XP level 2. HP: 23/23 MP: 0/0
   556 | D:1      | Reached skill level 2 in Stealth
   817 | D:1      | Reached XP level 3. HP: 26/28 MP: 0/0
   817 | D:1      | Learned a level 1 spell: Sting
  1713 | D:2      | Found Ugrimam's Jewellery Shop.
  1728 | D:2      | Reached XP level 4. HP: 32/34 MP: 0/0
  1990 | D:3      | Found a runed translucent gate.
  2003 | D:2      | Slain by a gnoll

Illustrated notes

Levels and vault maps discovered:
D:1:      amcnicky_arrival_gap_in_the_tavern_cellar, layout_loops_ring,
          grunt_decor_cap, minmay_pentomino_v2
D:2:      layout_loops_corners, serial_shops,
          nicolae_shop_temple_entry_statues_fountains
D:3:      wad_woods_settlement, layout_basic, nicolae_sif_muna_condensation,
          okawaru_trees_1, ebering_ghost_gozag

Skill      XL: |  1  2 |
---------------+-------+-----
Stealth        | 1 2 |  2.0
Fighting       | |  2.9
Long Blades    | |  2.6
Dodging        | |  2.1
Spellcasting   | |  2.9

Action                   |  1- 3 |  4- 6 || total
-------------------------+-------+-------++-------
Melee: Falchion          |    35 |       ||    35
       Quarterstaff      |     2 |     1 ||     3
 Cast: Momentum Strike   |     5 |     3 ||     8
       Sting             |    33 |     5 ||    38
  Use: Scroll            |     4 |       ||     4
       Potion            |       |     1 ||     1
 Stab: Sleeping          |     1 |       ||     1
Armor: Leather armour    |    15 |     1 ||    16
Dodge: Dodged            |    26 |     4 ||    30

Table legend: (Time is in decaauts)
 A = Elapsed time spent in this place.
 B = Non-inter-level travel time spent in this place.
 C = Inter-level travel time spent in this place.
 D = Time resting spent in this place.
 E = Time spent auto-exploring this place.
 F = Levels seen in this place.
 G = Mean time per level.
                   A        B        C        D        E       F      G
               +--------+--------+--------+--------+--------+-----+--------+
         Total |   2009 |   1898 |    111 |    144 |   1461 |   3 |  669.7 |
       Dungeon |   2009 |   1898 |    111 |    144 |   1461 |   3 |  669.7 |
               +--------+--------+--------+--------+--------+-----+--------+

Top non-repeatable levels by time:
     D:2: 1096 daAuts
     D:1: 902 daAuts
     D:3: 11 daAuts
